2641 views
Uploaded 2020-12-12 17:49:01
Game version 1.32.9
37:21 long 1on1 ladder game on (2)EchoIsles
Saved by xzz
2641 views
Uploaded 2020-12-12 17:49:01
Game version 1.32.9
37:21 long 1on1 ladder game on (2)EchoIsles

40 units @ 4.9k
/ 0.1k
33 buildings @ 5.5k
/ 1.6k

| Rod of Necromancy | 1 | 150 |
| Potion of Healing | 2 | 300 |
| Potion of Mana | 1 | 200 |
| Sacrificial Skull | 1 | 50 |
| Scroll of Town Portal | 2 | 700 |
| Scroll of Healing | 2 | 500 |
| Ring of Protection +3 | 2 | 250 |
| Wand of Illusion | 2 | 300 |
| total: | 13 | 2450g |
| Acolyte | 3 | 225 | / | 0 |
| Ghoul | 33 | 3960 | / | 0 |
| Gargoyle | 4 | 700 | / | 120 |
| total: | 40 | 4885g | / | 120w |
| Nerubian Tower | 8 | 800 | / | 160 |
| Spirit Tower | 6 | 870 | / | 240 |
| Altar of Darkness | 1 | 180 | / | 50 |
| Crypt | 9 | 1800 | / | 450 |
| Ziggurat | 18 | 2700 | / | 900 |
| Graveyard | 2 | 430 | / | 0 |
| Tomb of Relics | 1 | 130 | / | 30 |
| Necropolis | 1 | 225 | / | 0 |
| Sacrificial Pit | 1 | 75 | / | 150 |
| Halls of the Dead | 2 | 640 | / | 420 |
| Black Citadel | 1 | 325 | / | 230 |
| total: | 33 | 5540g | / | 1580w |
| 0:04 | Acolyte |
| 0:04 | Acolyte |
| 0:26 | Altar of Darkness |
| 0:30 | Crypt |
| 0:47 | Ziggurat |
| 0:59 | Crypt |
| 1:35 | Ghoul |
| 1:47 | Ziggurat |
| 1:52 | Ghoul |
| 2:04 | Ghoul |
| 2:12 | Ghoul |
| 2:17 | Ziggurat |
| 2:42 | Ghoul |
| 2:59 | Unholy Aura |
| 3:03 | Ghoul |
| 3:14 | Ghoul |
| 3:22 | Ghoul |
| 3:33 | Ghoul |
| 3:46 | Ghoul |
| 3:57 | Ghoul |
| 4:27 | Ghoul |
| 4:33 | Ziggurat |
| 5:14 | Nerubian Tower |
| 6:08 | Halls of the Dead |
| 6:09 | Ghoul |
| 6:15 | Cannibalize |
| 6:22 | Graveyard |
| 6:27 | Death Coil |
| 6:41 | Tomb of Relics |
| 6:44 | Ghoul |
| 7:21 | Ghoul |
| 7:40 | Ghoul |
| 7:49 | Ghoul |
| 9:05 | Black Citadel |
| 9:06 | Ghoul |
| 9:36 | Ghoul |
| 9:40 | Scroll of Town Portal |
| 10:05 | Spirit Tower |
| 10:21 | Unholy Aura |
| 10:22 | Ghoul |
| 10:41 | Ghoul |
| 10:59 | Ghoul |
| 11:20 | Rod of Necromancy |
| 11:21 | Potion of Healing |
| 11:49 | Ghoul |
| 11:54 | Acolyte |
| 12:07 | Potion of Healing |
| 12:20 | Nerubian Tower |
| 12:24 | Death Coil |
| 12:36 | Potion of Mana |
| 12:47 | Ghoul |
| 12:59 | Ziggurat |
| 13:07 | Ghoul |
| 13:33 | Ghoul |
| 14:05 | Crypt |
| 14:09 | Crypt |
| 14:12 | Ghoul |
| 14:13 | Ghoul |
| 14:31 | Ghoul Frenzy |
| 14:37 | Nerubian Tower |
| 14:57 | Ziggurat |
| 14:59 | Ziggurat |
| 15:03 | Ziggurat |
| 15:15 | Crypt |
| 15:19 | Crypt |
| 15:25 | Ghoul |
| 15:38 | Ghoul |
| 15:53 | Ghoul |
| 16:04 | Spirit Tower |
| 16:41 | Ghoul |
| 17:45 | Scroll of Healing |
| 17:58 | Spirit Tower |
| 18:01 | Ziggurat |
| 18:05 | Ziggurat |
| 18:19 | Ghoul |
| 18:27 | Gargoyle |
| 19:41 | Crypt |
| 19:45 | Crypt |
| 19:46 | Crypt |
| 19:48 | Nerubian Tower |
| 19:50 | Nerubian Tower |
| 19:51 | Spirit Tower |
| 20:01 | Ziggurat |
| 20:14 | Sacrificial Skull |
| 20:19 | Scroll of Town Portal |
| 21:23 | Ziggurat |
| 21:24 | Ziggurat |
| 21:24 | Ziggurat |
| 21:25 | Ziggurat |
| 21:26 | Ziggurat |
| 22:18 | Unholy Armor |
| 23:01 | Ring of Protection +3 |
| 23:04 | Wand of Illusion |
| 23:13 | Unholy Aura |
| 23:41 | Nerubian Tower |
| 23:42 | Spirit Tower |
| 23:55 | Sacrificial Pit |
| 24:33 | Wand of Illusion |
| 25:11 | Improved Unholy Armor |
| 26:33 | Advanced Unholy Armor |
| 27:19 | Gargoyle |
| 27:26 | Gargoyle |
| 27:31 | Stone Form |
| 28:14 | Gargoyle |
| 28:56 | Unholy Strength |
| 29:05 | Graveyard |
| 29:09 | Necropolis |
| 29:18 | Ziggurat |
| 29:46 | Creature Attack |
| 30:18 | Ziggurat |
| 31:17 | Nerubian Tower |
| 31:19 | Spirit Tower |
| 31:23 | Improved Creature Attack |
| 31:27 | Improved Unholy Strength |
| 31:42 | Halls of the Dead |
| 31:54 | Nerubian Tower |
| 32:25 | Creature Carapace |
| 32:59 | Advanced Creature Attack |
| 35:53 | Advanced Unholy Strength |
| 36:02 | Scroll of Healing |
| 36:53 | Improved Creature Carapace |
| 37:10 | Ring of Protection +3 |
| Right click | 795 |
| Select | 504 |
| Select group | 156 |
| Build/train/purchase | 111 |
| Misc. action | 39 |
| Assign group | 29 |
| Use ability | 23 |
| Item give/drop | 6 |
| Esc | 4 |
| Remove unit | 2 |
24 units @ 2.8k
/ 0.1k
13 buildings @ 1.4k
/ 0.4k

| Scroll of Regeneration | 1 | 100 |
| Ivory Tower | 1 | 40 |
| total: | 2 | 140g |
| Peasant | 10 | 750 | / | 0 |
| Footman | 12 | 1620 | / | 0 |
| Rifleman | 2 | 410 | / | 60 |
| total: | 24 | 2780g | / | 60w |
| Scout Tower | 2 | 60 | / | 40 |
| Arcane Tower | 2 | 140 | / | 100 |
| Altar of Kings | 2 | 360 | / | 100 |
| Barracks | 1 | 160 | / | 60 |
| Farm | 4 | 320 | / | 80 |
| Arcane Vault | 1 | 130 | / | 30 |
| Blacksmith | 2 | 280 | / | 120 |
| Lumber Mill | 1 | 120 | / | 0 |
| Keep | 1 | 320 | / | 210 |
| total: | 13 | 1430g | / | 430w |
| 0:02 | Peasant |
| 0:02 | Peasant |
| 0:06 | Altar of Kings |
| 0:09 | Altar of Kings |
| 0:12 | Barracks |
| 0:16 | Farm |
| 0:22 | Peasant |
| 0:34 | Peasant |
| 0:45 | Peasant |
| 0:59 | Farm |
| 1:11 | Peasant |
| 1:12 | Peasant |
| 1:23 | Footman |
| 1:39 | Arcane Vault |
| 1:55 | Peasant |
| 1:55 | Peasant |
| 2:07 | Footman |
| 2:14 | Summon Water Elemental |
| 2:26 | Footman |
| 2:35 | Farm |
| 2:56 | Scout Tower |
| 3:04 | Keep |
| 3:24 | Arcane Tower |
| 3:30 | Farm |
| 3:33 | Brilliance Aura |
| 3:48 | Blacksmith |
| 4:06 | Footman |
| 4:14 | Footman |
| 4:26 | Scroll of Regeneration |
| 4:36 | Blacksmith |
| 4:58 | Scout Tower |
| 5:01 | Footman |
| 5:21 | Lumber Mill |
| 5:30 | Arcane Tower |
| 5:38 | Footman |
| 5:39 | Footman |
| 6:30 | Peasant |
| 6:54 | Footman |
| 6:57 | Summon Water Elemental |
| 7:14 | Rifleman |
| 7:40 | Rifleman |
| 8:27 | Footman |
| 8:27 | Footman |
| 8:28 | Footman |
| 8:33 | Ivory Tower |
| 10:02 | Brilliance Aura |
| 11:07 | Summon Water Elemental |
| Right click | 405 |
| Select | 165 |
| Select group | 91 |
| Build/train/purchase | 67 |
| Chat | 50 |
| Assign group | 37 |
| Misc. action | 2 |
| Use ability | 2 |